 Dungeon Crawl Stone Soup version 0.31-a0-1522-g43313d8a59 (webtiles) character file.

Game seed: 163246207786747200

43 Aldia the Ruffian (level 3, -1/29 HPs)
             Began as a Draconian Shapeshifter on Dec 30, 2023.
             Succumbed to a goblin's poison
             ... on level 2 of the Dungeon.
             The game lasted 00:01:14 (674 turns).

Aldia the Ruffian (Draconian Shapeshifter)           Turns: 674, Time: 00:01:15

Health: -1/29      AC:  5    Str: 16    XL:     3   Next: 37%
Magic:  12/12      EV: 12    Int: 10    God:
Gold:   122        SH:  0    Dex: 12    Spells: 2/2 levels left

rFire   . .          .
                       - Unarmed
rCold   . . .        (no shield)
rNeg    . . .        (body armour unavailable)
rPois   .            (helmet currently unavailable)
rElec   .            (cloak currently unavailable)
rCorr   .            (gloves currently unavailable)
SInv    .            (boots currently unavailable)
Will    .....        (no amulet)
Stlth   +            e - ring of magical power
HPRegen 0.24/turn    (no ring)
MPRegen 0.13/turn

%: no passive effects
@: lethally poisoned (-1 -> -12), beast-form
A: beast (slay +1), AC +5, unfitting armour, cold-blooded
a: Begin Untransformation


You were on level 2 of the Dungeon.
You were a hulking beast.
You visited 1 branch of the dungeon, and saw 2 of its levels.

You collected 122 gold pieces.

Inventory:

Armour
 d - a +0 cloak
Jewellery
 e - a ring of magical power (left hand)
Talismans
 b - a beast talisman
 c - a flux talisman
Scrolls
 f - a scroll of teleportation {unknown}
 g - a scroll of vulnerability {unknown}
 j - a scroll of identify {unknown}
Potions
 a - a potion of lignification
 h - 2 potions of attraction {unknown}
 i - 2 potions of might {unknown}


   Skills:
 + Level 1.9 Fighting
 + Level 2.2 Dodging
 * Level 3.6 Unarmed Combat
 + Level 3.2 Shapeshifting


You had 2 spell levels left.
You didn't know any spells.
Your spell library was empty.

Dungeon Overview and Level Annotations

Branches:
Dungeon (2/15)

Altars:

Annotations:
D:2 Robin


Innate Abilities, Weirdness & Mutations

You are a hulking beast.
Your limbs bulge with bestial killing power. (Slay +1)
Your plain brown scales are hard. (AC +5)
You cannot fit into any form of body armour.
You are cold-blooded and may be slowed by cold attacks.


Message History

A goblin comes into view. It is wielding a +1 dagger of venom.
You closely miss the goblin.
The goblin shouts!
The goblin barely misses you.
You hit the goblin.
You kill the goblin!
Robin roars a battlecry!
The goblin goes into a battle-frenzy!
Robin hits you but does no damage.
Things that are here:
a +0 dagger; a +0 dagger You barely miss Robin.
Robin hits you with a +2 mace of holy wrath.
You hit Robin. Your punch misses Robin.
Robin is lightly wounded.
Robin hits you with a +2 mace of holy wrath.
You hit Robin.
Your tail-slap misses Robin.
Robin is moderately wounded.
Robin says, "Feeling lonely?"
Robin throws the goblin at you! The goblin hits you but does no damage.
You are poisoned.
You hit Robin.
Robin is heavily wounded.
You feel sick.
The goblin hits you with a +1 dagger of venom.
You are lethally poisoned!
Robin hits you with a +2 mace of holy wrath!
* * * LOW HITPOINT WARNING * * *
You hit Robin.
Robin is severely wounded.
* * * LOW HITPOINT WARNING * * *
You feel very sick.
Robin hits you with a +2 mace of holy wrath.
* * * LOW HITPOINT WARNING * * *
The goblin closely misses you.
Unknown command.
Unknown command.
Unknown command.
You miss the goblin.
You die...

### ..#
#.# #.#
#.# #g#
#h# #g#
#)# #.#
####.#.##
........<#
###...#.##
......#.#
###.. #.#


You could see Robin and a goblin (strong).

Vanquished Creatures
  A dart slug (D:1)
  3 endoplasms (D:1)
  2 giant cockroaches (D:1)
  5 goblins
  4 hobgoblins
  4 jackals (D:1)
  4 ball pythons (D:1)
  5 bats (D:1)
  3 frilled lizards (D:1)
  2 kobolds (D:1)
  4 rats (D:1)
37 creatures vanquished.

Vanquished Creatures (others)
  A hobgoblin (D:1)
1 creature vanquished.

Grand Total: 38 creatures vanquished

Notes
Turn   | Place    | Note
-------+----------+-------------------------------------------
     0 | D:1      | Aldia the Draconian Shapeshifter began the quest for the
                  | Orb.
     0 | D:1      | Reached XP level 1. HP: 16/16 MP: 1/1
    25 | D:1      | Reached XP level 2. HP: 21/23 MP: 2/2
   363 | D:1      | Reached XP level 3. HP: 29/29 MP: 3/3
   658 | D:2      | Noticed Robin
   674 | D:2      | Succumbed to a goblin's poison

Illustrated notes

Levels and vault maps discovered:
D:1:      saegor_arrival_simple_d, layout_basic, minmay_split_cup_small
D:2:      layout_basic, serial_shops, nicolae_shop_behind_doors, uniq_robin

Skill      XL: |  1  2 |
---------------+-------+-----
Dodging        | 2 |  2.2
Fighting       | |  1.9
Unarmed Combat | |  3.6
Shapeshifting  | |  3.2

Action                     || total
---------------------------++-------
  Melee: Unarmed           ||    88
         Tailslap          ||     8
         Punch             ||     2
 Armour: Skin              ||    62
  Dodge: Dodged            ||    53

Table legend: (Time is in decaauts)
 A = Elapsed time spent in this place.
 B = Non-inter-level travel time spent in this place.
 C = Inter-level travel time spent in this place.
 D = Time resting spent in this place.
 E = Time spent auto-exploring this place.
 F = Levels seen in this place.
 G = Mean time per level.
                   A        B        C        D        E       F      G
               +--------+--------+--------+--------+--------+-----+--------+
         Total |    668 |    660 |      8 |      0 |    495 |   2 |  334.0 |
       Dungeon |    668 |    660 |      8 |      0 |    495 |   2 |  334.0 |
               +--------+--------+--------+--------+--------+-----+--------+

Top non-repeatable levels by time:
     D:1: 650 daAuts
     D:2: 17 daAuts
